 Dungeon Crawl Stone Soup version 0.18.1-47-g9310371 (webtiles) character file.

230 vonhedlund the Skirmisher (level 5, -2/52 HPs)
             Began as a Minotaur Gladiator on June 15, 2016.
             Shot with an arrow by a centaur (9 damage)
             ... on level 4 of the Dungeon.
             The game lasted 00:09:01 (2728 turns).

vonhedlund the Skirmisher (Minotaur Gladiator)      Turns: 2728, Time: 00:09:02

Health: -2/52      AC:  4    Str: 20    XL:     5   Next: 72%
Magic:  4/4        EV: 12    Int:  5    God:
Gold:   163        SH:  0    Dex: 11    Spells: 0 memorised, 4 levels left

rFire  . . .     SeeInvis .     a - +0 war axe
rCold  . . .     Gourm    .     b - +0 leather armour
rNeg   . . .     Faith    .     (no shield)
rPois  .         Spirit   .     c - +0 hat
rElec  .         Dismiss  .     v - +0 cloak (curse)
rCorr  .         Reflect  .     (no gloves)
SustAt .         Harm     .     (no boots)
MR     .....                    (no amulet)
Stlth  +.........               (no ring)
                                (no ring)

@: not resistant to hostile enchantments, very unstealthy
A: retaliatory headbutt, horns 2
a: no special abilities


You were on level 4 of the Dungeon.
You were hungry.

You visited 1 branch of the dungeon, and saw 4 of its levels.

You collected 163 gold pieces.

Inventory:

Hand Weapons
 a - a +0 war axe (weapon)
Missiles
 d - 3 throwing nets
 k - 9 arrows
 l - 38 bolts
 y - 5 tomahawks (quivered)
Armour
 b - a +0 leather armour (worn)
 c - a +0 hat (worn)
 h - a +0 scale mail
 v - a cursed +0 cloak (worn)
Jewellery
 n - an uncursed ring of see invisible {unknown}
 s - an uncursed ring of resist corrosion {unknown}
Scrolls
 g - 2 scrolls of teleportation {unknown}
 m - 2 scrolls of identify {unknown}
 o - a scroll of enchant weapon {unknown}
 q - 2 scrolls of enchant armour {unknown}
 t - a scroll of recharging {unknown}
Potions
 e - 2 potions of cure mutation {unknown}
 i - 2 potions of curing {unknown}
 j - 3 potions of degeneration {unknown}
 r - a potion of might {unknown}
 x - a potion of heal wounds {unknown}
Comestibles
 f - 2 bread rations
 p - 5 meat rations
 u - 3 chunks of flesh
 w - a beef jerky
 z - a slice of pizza


   Skills:
 + Level 7.0 Fighting
 - Level 3.9 Axes
 - Level 2.1 Throwing
 - Level 3.4 Dodging


You had 4 spell levels left.
You didn't know any spells.

Dungeon Overview and Level Annotations

Branches:
Dungeon (4/15)             Temple (0/1) D:4

Altars:
Kikubaaqudgha
Nemelex Xobeh
Trog


Innate Abilities, Weirdness & Mutations

You reflexively headbutt those who attack you in melee.
You have a pair of horns on your head.


Message History

The centaur shoots an arrow.
The arrow completely misses you.
The centaur shoots an arrow.
The arrow hits you.
You see here an arrow.
You are feeling hungry.
The centaur shoots an arrow.
The arrow barely misses you.
You see here an arrow.
The centaur shoots an arrow.
The arrow hits you!
* * * LOW HITPOINT WARNING * * *
You see here an arrow.
The centaur shoots an arrow.
The arrow hits you.
* * * LOW HITPOINT WARNING * * *
The centaur shoots an arrow.
The arrow barely misses you.
You see here an arrow.
The centaur shoots an arrow.
The arrow hits you.
* * * LOW HITPOINT WARNING * * *
You see here an arrow.
The centaur shoots an arrow.
The arrow completely misses you.
You see here an arrow.
The centaur shoots an arrow.
The arrow hits you!
You die...

####### #..c..##########
.######.##......^....#
....(.(.##...........#
####.c####..((((.....#######
#....# #.....(@..........#
#(##'####..........<...#
#.#....##..............#
#.(....########+##+#...#
###gc..# ...##.###### #g...#
...# ......# ####....#
.....#...#.# ...#....#
.#.#.#.#.... .#.#..>.#
............


You could see a centaur.

Vanquished Creatures
  A scorpion (D:4)
  A worker ant (D:4)
  4 adders
  An ooze (D:2)
  4 worms (D:2)
  A dart slug (D:2)
  3 giant geckos
  5 giant cockroaches
  6 goblins
  7 hobgoblins
  11 jackals
  2 quokkas
  2 ball pythons
  5 bats
  6 giant newts
  7 kobolds
  42 rats
108 creatures vanquished.

Notes
Turn   | Place    | Note
--------------------------------------------------------------
     0 | D:1      | vonhedlund the Minotaur Gladiator began the quest for the Orb.
     0 | D:1      | Reached XP level 1. HP: 18/18 MP: 0/0
    92 | D:1      | Reached XP level 2. HP: 24/25 MP: 1/1
   180 | D:1      | Reached skill level 3 in Fighting
   477 | D:1      | Reached XP level 3. HP: 31/33 MP: 2/2
   625 | D:2      | Reached skill level 4 in Fighting
  1192 | D:2      | Reached XP level 4. HP: 41/41 MP: 3/3
  1239 | D:2      | Reached skill level 5 in Fighting
  1596 | D:3      | Found a bloodstained altar of Trog.
  1715 | D:3      | Found a sparkling altar of Nemelex Xobeh.
  1828 | D:3      | Found an ancient bone altar of Kikubaaqudgha.
  2152 | D:3      | Reached XP level 5. HP: 50/50 MP: 4/4
  2156 | D:3      | Reached skill level 6 in Fighting
  2449 | D:4      | Found a staircase to the Ecumenical Temple.
  2515 | D:4      | Reached skill level 7 in Fighting
  2702 | D:4      | Noticed a centaur
  2728 | D:4      | Shot with an arrow by a centaur

Skill      XL: |  1  2  3  4  5 |
---------------+----------------+-----
Fighting       | 3 4 5 7 |  7.0
Axes           | |  3.9
Throwing       | |  2.1
Dodging        | |  3.4

Action                   |  1- 3 |  4- 6 || total
-------------------------+-------+-------++-------
Melee: War axe           |    88 |   102 ||   190
       Headbutt          |    14 |    14 ||    28
Throw: Tomahawk          |       |     2 ||     2
  Eat: Chunk             |       |     4 ||     4
       Beef jerky        |       |     1 ||     1
Armor: Leather armour    |    28 |    30 ||    58
Dodge: Dodged            |    64 |    73 ||   137
